 Dungeon Crawl Stone Soup version 0.29-a0-495-g17b79114eb (webtiles) character file.

Game seed: 17908337126170377242

223541 NateTC the Warrior (level 18, -11/180 HPs)
             Began as a Hill Orc Fighter on May 27, 2022.
             Was the Champion of Beogh.
             Mangled by an ironbound frostheart (22 damage)
             ... on level 1 of the Vaults on May 28, 2022.
             The game lasted 02:41:32 (44788 turns).

NateTC the Warrior (Hill Orc Fighter)              Turns: 44788, Time: 02:41:33

Health: -11/180    AC: 40    Str: 33    XL:     18   Next: 79%
Magic:  27/27      EV:  8    Int: 12    God:    Beogh [******]
Gold:   2820       SH: 19    Dex: 12    Spells: 17/17 levels left

rFire   + . .      SeeInvis .   a - +5 broad axe (elec)
rCold   . . .      Faith    .   T - +1 tower shield {AC+3}
rNeg    . . .      Spirit   .   o - +5 plate armour {Will+}
rPois   +          Reflect  .   z - +0 helmet
rElec   .          Harm     .   c - +2 cloak {Will+}
rCorr   .          Rampage  .   y - +2 pair of gloves "Romism" {+Inv Str+3 Int+2}
Will    +++..                   M - +0 pair of boots of Hysteria {Str+3 Slay+2}
Stlth   ..........              B - amulet of the acrobat
HPRegen 0.40/turn               V - ring "Loqogesum" {rPois rF+ Int+2 Dex+2}
MPRegen 0.20/turn               P - ring "Edwu" {+Blink rPois AC+4 Slay+3}

@: silenced, frozen, studying Transmutations, very slow
A: walk on water, no potion heal 1
}: 2/15 runes: decaying, gossamer
a: Renounce Religion, Evoke Blink, Evoke Invisibility


You were on level 1 of the Vaults.
You worshipped Beogh.
Beogh was exalted by your worship.
You visited 6 branches of the dungeon, and saw 32 of its levels.
You also visited: Gauntlet.

You collected 4013 gold pieces.
You spent 1193 gold pieces at shops.

Inventory:

Hand Weapons
 a - a +5 broad axe of electrocution (weapon)
 b - the +7 trident "Beyll" {flame, Str+4 Int+2 Dex+3}
   (You found it on level 6 of the Lair of Beasts)

   It burns those it strikes, dealing additional fire damage.
   Str:       It affects your strength (+4).
   Int:       It affects your intelligence (+2).
   Dex:       It affects your dexterity (+3).
 k - the +12 halberd of the Beast {spect, Int+8}
   (You found it on level 3 of the Spider Nest)

   When its wielder attacks, the weapon's spirit leaps out and strikes again.
   The spirit shares a part of any damage it takes with its wielder.
   Int:       It affects your intelligence (+8).
 W - a +2 demon trident of venom
Armour
 c - a +2 cloak of willpower (worn)
 o - a +5 plate armour of willpower (worn)
 s - the +1 storm dragon scales of Soafuh {rElec Dex+2}
   (You found it on level 4 of the Dungeon)

   Dex:       It affects your dexterity (+2).
   rElec:     It insulates you from electricity.
 w - a +2 robe of the Archmagi
 y - the +2 pair of gloves "Romism" (worn) {+Inv Str+3 Int+2}
   (You found it on level 4 of the Spider Nest)

   Str:       It affects your strength (+3).
   Int:       It affects your intelligence (+2).
   +Inv:      It lets you turn invisible.
 z - a +0 helmet (worn)
 M - the +0 pair of boots of Hysteria (worn) {Str+3 Slay+2}
   (You found it on level 4 of the Spider Nest)

   Str:       It affects your strength (+3).
   Slay:      It affects your accuracy & damage with ranged weapons and melee
   (+2).
 T - a +1 tower shield of protection (worn)
 Y - a +0 chain mail of willpower
Jewellery
 j - a ring of resist corrosion
 B - an amulet of the acrobat (around neck)
 P - the ring "Edwu" (right hand) {+Blink rPois AC+4 Slay+3}
   (You found it on level 3 of the Lair of Beasts)

   [ring of protection]

   AC:        It affects your AC (+4).
   Slay:      It affects your accuracy & damage with ranged weapons and melee
   (+3).
   rPois:     It protects you from poison.
   +Blink:    It lets you blink.
 S - a ring of protection from cold
 V - the ring "Loqogesum" (left hand) {rPois rF+ Int+2 Dex+2}
   (You found it on level 6 of the Lair of Beasts)

   [ring of protection from fire]

   Int:       It affects your intelligence (+2).
   Dex:       It affects your dexterity (+2).
   rF:        It protects you from fire.
   rPois:     It protects you from poison.
Wands
 d - a wand of acid (47)
 t - a wand of polymorph (22)
 x - a wand of charming (5)
 D - a wand of iceblast (29)
 F - a wand of mindburst (11)
 J - a wand of flame (72)
 L - a wand of digging (3)
 Q - a wand of paralysis (9)
Scrolls
 g - 12 scrolls of identify
 l - 11 scrolls of fear
 m - 4 scrolls of immolation
 p - 3 scrolls of fog
 E - 9 scrolls of teleportation
 H - a scroll of amnesia
 O - 5 scrolls of magic mapping
 Z - a scroll of summoning
Potions
 e - 12 potions of curing
 f - 9 potions of brilliance
 h - 6 potions of flight
 i - 7 potions of ambrosia
 n - 3 potions of haste
 q - 5 potions of invisibility
 r - 8 potions of attraction
 u - 4 potions of lignification
 v - 3 potions of might
 A - 5 potions of mutation
 C - 3 potions of resistance
 G - 5 potions of cancellation
 N - 3 potions of berserk rage
Miscellaneous
 K - a phial of floods
 R - a condenser vane (inert)
 X - a box of beasts


   Skills:
 - Level 20.5 Fighting
 - Level 18.0 Axes
 - Level 16.7 Armour
 * Level 3.8 Dodging
 - Level 16.0 Shields
 - Level 12.9 Invocations
 - Level 11.0 Evocations


You had 17 spell levels left.
You didn't know any spells.
Your spell library contained the following spells:

 Spells                   Type           Power      Damage    Failure   Level
 Apportation              Tloc           0%         N/A       99%         1
 Beastly Appendage        Tmut           0%         N/A       99%         1
 Necrotize                Necr           0%         1d4       99%         1
 Shock                    Conj/Air       0%         1d3       99%         1
 Summon Small Mammal      Summ           0%         N/A       99%         1
 Ensorcelled Hibernation  Hex/Ice        0%         N/A       100%        2
 Passwall                 Tmut/Erth      0%         N/A       100%        2
 Wereblood                Tmut           0%         N/A       100%        2
 Conjure Flame            Conj/Fire      0%         6-21      100%        3
 Dazzling Flash           Conj/Hex       0%         N/A       100%        3
 Ignite Poison            Fire/Tmut/Pois 0%         N/A       100%        3
 Spider Form              Tmut/Pois      0%         N/A       100%        3
 Swiftness                Air            0%         N/A       100%        3
 Airstrike                Air            0%         N/A       100%        4
 Animate Dead             Necr           0%         N/A       100%        4
 Corpse Rot               Necr/Pois/Air  0%         N/A       100%        4
 Dispel Undead            Necr           0%         3d6       100%        4
 Sticky Flame             Conj/Fire      0%         2d3       100%        4
 Summon Ice Beast         Ice/Summ       0%         N/A       100%        4
 Summon Lightning Spire   Summ/Air       0%         N/A       100%        4
 Agony                    Necr           0%         N/A       100%        5
 Alistair's Intoxication  Tmut/Pois      0%         N/A       100%        5
 Freezing Cloud           Conj/Ice/Air   0%         6-21      100%        5
 Lightning Bolt           Conj/Air       0%         1d11      100%        5
 Silence                  Hex/Air        0%         N/A       100%        5
 Summon Mana Viper        Hex/Summ       0%         N/A       100%        5
 Death Channel            Necr           0%         N/A       100%        6
 Simulacrum               Ice/Necr       0%         N/A       100%        6
 Haunt                    Necr/Summ      0%         N/A       100%        7
 Monstrous Menagerie      Summ           0%         N/A       100%        7
 Storm Form               Tmut/Air       0%         N/A       100%        7
 Infestation              Necr           0%         N/A       100%        8
 Maxwell's Capacitive Co  Air            0%         ∞         100%        8
 Polar Vortex             Ice            0%         N/A       100%        9


Dungeon Overview and Level Annotations

Branches:
Dungeon (15/15)            Temple (0/1) D:5            Lair (6/6) D:9
  Swamp (4/4) Lair:4       Spider (4/4) Lair:4        Slime (0/5) Lair:6
    Orc (2/2) D:10            Elf (0/3) Orc:2        Vaults (1/5) D:14
 Depths (0/4) D:15        Gauntlet (visited)

Altars:
Dithmenos
Hepliaklqana
Sif Muna
Trog
Beogh

Shops:
D:6 !   Orc:1 :   Orc:2 ?(*=

Portals:
Pandemonium: Orc:2

Annotations:
D:14 2 transporters, dolemite99's ghost, journeyman MiFi
Swamp:1 1 runed translucent door, snackwell's ghost, journeyman HOCA


Innate Abilities, Weirdness & Mutations

You can walk on water.
Potions are less effective at restoring your health.


Message History

You start resting.
The ironbound frostheart misses you.
There is an open door here.
You hit the ironbound frostheart.
The ironbound frostheart is lightly wounded.
You block the ironbound frostheart's attack.
You closely miss the ironbound frostheart.
The ironbound frostheart is lightly wounded.
You block the ironbound frostheart's attack.
You slash the ironbound frostheart!
Lightning courses through the ironbound frostheart!
The ironbound frostheart is heavily wounded.
The ironbound frostheart completely misses you.
You hit the ironbound frostheart.
The ironbound frostheart is heavily wounded.
The ironbound frostheart touches you! The ironbound frostheart freezes you!!
* * * LOW HITPOINT WARNING * * *
You hit the ironbound frostheart but do no damage.
The ironbound frostheart is heavily wounded.
You block the ironbound frostheart's attack.
You closely miss the ironbound frostheart.
The ironbound frostheart is heavily wounded.
The ironbound frostheart touches you.
* * * LOW HITPOINT WARNING * * *
The ironbound frostheart freezes you!!
* * * LOW HITPOINT WARNING * * *
Your system partially rejects the healing.
You feel much better.
You block the ironbound frostheart's attack.
Your system partially rejects the healing.
You feel much better.
The ironbound frostheart calls freezing cold from the walls.
The frost grips you.
* * * LOW HITPOINT WARNING * * *
You are encased in ice.
As you read the scroll of silence, it crumbles to dust.
A profound silence engulfs you. The ironbound frostheart touches you!
* * * LOW HITPOINT WARNING * * *
The ironbound frostheart freezes you!!
You die...

#.###..# .......# ##
.......# #. ######## #.
######## #. ## ###
#.##...# .###. ...#
#.##...# ##.#.#...
.......###########..#).#T#
.....###........@pT.'[..#
.....###........##..#[.#.#
.......'........###.#.#.p.
.....###........# .###.
...# .....###........##.
## ### .......#........##.
#.##...#........##.
#.##...############
########


You could see an ironbound frostheart and a deep troll.

Vanquished Creatures
  Jorgrun (Orc:2)
  A thorn hunter (Swamp:4)
  2 fenstrider witches
  2 ghost moths
  4 emperor scorpions
  Aizul (Spider:2)
  A vault warden (Vaults:1)
  3 broodmothers (Spider:4)
  3 ironbound preservers (Vaults:1)
  2 ironbound thunderhulks (Vaults:1)
  2 eleionomae (Swamp:1)
  3 entropy weavers
  2 spark wasps
  6 bunyips
  7 dire elephants (Vaults:1)
  2 yaktaur captains (Vaults:1)
  Fannar (D:12)
  2 ironbound frosthearts (Vaults:1)
  15 hydras
  An ice dragon (Swamp:1)
  A spriggan air mage (Swamp:4)
  A catoblepas (Lair:6)
  A rakshasa (D:13)
  2 ghost crabs
  4 centaur warriors
  A merfolk avatar (Lair:6)
  2 radroaches (Spider:4)
  A boulder beetle (Spider:1)
  A jorogumo (Spider:2)
  A dancing weapon (D:14)
  3 two-headed ogres
  3 alligators
  A tengu warrior (D:15)
  2 death yaks (Lair:3)
  A hell knight (D:15)
  An orc high priest (Orc:2)
  8 skeletal warriors
  5 pharaoh ants
  3 orc knights
  A goliath frog (Swamp:3)
  7 steelbarb worms
  7 swamp dragons
  2 sun moths (Spider:4)
  4 spriggan druids
  8 deep trolls (Vaults:1)
  3 wizards
  10 bog bodies
  A lindwurm (Lair:6)
  2 deep elf pyromancers (D:15)
  2 ironbound convokers (Vaults:1)
  8 wolf spiders
  An orc sorcerer (Orc:1)
  3 will-o-the-wisps
  19 ugly things
  3 manticores
  3 cyclopes
  Maurice (Orc:2)
  Joseph (D:7)
  9 elephants
  A gargoyle (D:13)
  2 vault sentinels (Vaults:1)
  6 cane toads
  Maggie (D:8)
  3 yaktaurs (Vaults:1)
  An unseen horror (D:13)
  5 demonic crawlers
  2 rime drakes (Lair:6)
  A kobold demonologist (D:9)
  10 komodo dragons
  A freezing wraith (D:14)
  An efreet (D:13)
  A hellwing (D:14)
  A troll (shapeshifter) (D:13)
  A troll (D:14)
  3 polar bears
  5 tarantellas
  10 tyrant leeches
  2 meliai
  A queen bee (Spider:1)
  Prince Ribbit (D:7)
  7 hornets
  4 snapping turtles (Lair:6)
  8 blink frogs
  A hornet (shapeshifter) (D:14)
  8 slime creatures
  4 dream sheep
  A ynoxinul (Orc:2)
  16 jumping spiders
  12 culicivoras
  A shadow (D:11)
  A wyvern (Lair:4)
  8 spriggans
  A basilisk (D:14)
  28 yaks
  26 redbacks
  A steam dragon (D:9)
  10 vampire mosquitoes
  A warg (shapeshifter) (Vaults:1)
  14 swamp worms
  5 wargs
  10 water moccasins
  9 orc warriors
  A sky beast (D:6)
  3 black bears
  8 swamp drakes
  An ice beast (D:5)
  4 ogres
  A boggart (D:15)
  5 centaurs
  4 wolves (Lair:4)
  6 kobold brigands
  9 bullfrogs
  2 necrophages
  2 gnoll sergeants
  Blork the orc (D:5)
  2 scorpions
  A wyvern skeleton (D:5)
  5 wights (D:5)
  12 killer bees
  2 howler monkeys
  3 bullfrog zombies (D:5)
  3 quasits (D:14)
  3 hounds
  11 jellies
  6 orc priests
  A centaur skeleton (D:5)
  2 iron imps (D:14)
  3 gnoll shamans
  10 orc wizards
  2 iguanas
  3 hell rats (Lair:3)
  A hound zombie (D:5)
  2 hound skeletons (D:5)
  A howler monkey zombie (D:5)
  13 gnolls
  7 adders
  A river rat (D:14)
  A shadow imp (D:8)
  A white imp (D:5)
  5 ufetubi
  2 worms
  5 dart slugs
  29 orcs
  5 endoplasms
  6 giant cockroaches
  5 goblins
  4 hobgoblins
  6 jackals
  16 kobolds
  7 quokkas
  10 ball pythons
  2 bats (D:3)
  2 frilled lizards
  9 rats
689 creatures vanquished.

Vanquished Creatures (collateral kills)
  Rupert (Spider:1)
  Asterion (Spider:1)
  Agnes (Spider:4)
  Donald (Spider:2)
  4 emperor scorpions
  A ghost moth (Spider:1)
  7 broodmothers
  Nessos (Lair:6)
  2 spark wasps
  An ettin (D:15)
  7 boulder beetles
  2 catoblepae
  5 hydras
  2 two-headed ogres
  2 radroaches
  A dancing weapon (D:14)
  2 demonspawn (Orc:2)
  5 death yaks
  3 orc high priests (Orc:2)
  A spriggan (Swamp:1)
  2 skeletal warriors
  A sea snake (Lair:6)
  8 orb spiders
  7 steelbarb worms
  2 pharaoh ants (Spider:2)
  A bog body (Lair:4)
  A deep troll (D:15)
  A lindwurm (Lair:6)
  2 orc knights (Orc:2)
  15 wolf spiders
  A deep elf pyromancer (D:14)
  3 manticores
  4 ugly things
  5 moths of wrath
  5 orc sorcerers (Orc:2)
  A will-o-the-wisp (Swamp:2)
  3 cyclopes
  6 elephants
  3 torpor snails
  7 demonic crawlers
  An orange demon (D:14)
  11 cane toads
  3 komodo dragons
  A hellwing (D:14)
  A red devil (Orc:2)
  3 meliai
  A bloated husk (Swamp:3)
  A troll (D:10)
  14 tarantellas
  A wind drake (shapeshifter) (D:15)
  6 blink frogs
  2 snapping turtles (Lair:6)
  A tyrant leech (Swamp:3)
  2 hornets
  3 slime creatures
  5 dream sheep
  9 culicivoras
  A shadow (D:12)
  21 jumping spiders
  3 wraiths
  3 wyverns (Lair:4)
  4 basilisks
  16 yaks
  41 redbacks
  2 steam dragons
  6 vampire mosquitoes
  3 swamp worms
  An acid dragon (D:12)
  8 water moccasins
  6 orc warriors (Orc:2)
  3 black bears
  2 wolves (Lair:4)
  3 boggarts (D:15)
  2 ogres
  2 centaurs (D:12)
  4 bullfrogs
  9 killer bees
  An electric eel (Lair:4)
  3 crimson imps (D:14)
  A quasit (D:14)
  3 jellies (Lair:6)
  6 orc priests
  An orc wizard (D:10)
  3 hell rats (Lair:3)
  2 gnolls (D:11)
  A river rat (D:14)
  A shadow imp (D:14)
  3 white imps (D:14)
  11 orcs
  2 giant cockroaches (D:14)
371 creatures vanquished.

Vanquished Creatures (others)
  2 orc warlords
  12 orc knights
  A hydra (Swamp:3)
  An alligator (Swamp:4)
  2 orc high priests
  2 spriggan berserkers (Swamp:4)
  A swamp dragon (Swamp:4)
  3 orc sorcerers
  A moth of wrath (Spider:2)
  A bloated husk (Swamp:4)
  A queen bee (shapeshifter) (D:13)
  A culicivora (Spider:4)
  A swamp worm (Swamp:3)
  2 swamp drakes (Swamp:4)
  13 orc warriors
  A boggart (D:15)
  19 orc priests
  7 orc wizards
  30 orcs
  2 bushes (Lair:4)
  21 foxfires
  104 fungi
  139 plants
  15 withered plants
382 creatures vanquished.

Grand Total: 1442 creatures vanquished

Notes
Turn   | Place    | Note
-------+----------+-------------------------------------------
     0 | D:1      | NateTC the Hill Orc Fighter began the quest for the Orb.
     0 | D:1      | Reached XP level 1. HP: 19/19 MP: 1/1
    23 | D:1      | Reached XP level 2. HP: 26/26 MP: 2/2
    23 | D:1      | Found a faded altar of an unknown god.
   289 | D:1      | Reached XP level 3. HP: 31/31 MP: 3/3
   775 | D:2      | Reached skill level 5 in Axes
  1081 | D:2      | Reached XP level 4. HP: 36/39 MP: 4/4
  1473 | D:2      | Found a shadowy altar of Dithmenos.
  2120 | D:3      | Found a bloodstained altar of Trog.
  2674 | D:4      | Noticed an ogre
  2679 | D:4      | Reached XP level 5. HP: 40/45 MP: 5/5
  2682 | D:4      | Killed an ogre
  2918 | D:4      | Identified the +1 storm dragon scales of Soafuh {rElec
                  | Dex+2}
  2928 | D:4      | Reached skill level 4 in Fighting
  2928 | D:4      | Reached XP level 6. HP: 52/52 MP: 6/6
  2991 | D:4      | Became a worshipper of Beogh the Brigand
  3002 | D:4      | Reached skill level 5 in Fighting
  3268 | D:5      | Entered Level 5 of the Dungeon
  3334 | D:5      | Reached skill level 6 in Fighting
  3334 | D:5      | Reached XP level 7. HP: 59/63 MP: 5/7
  3344 | D:5      | Noticed Blork the orc
  3351 | D:5      | Killed Blork the orc
  3448 | D:5      | Reached skill level 7 in Fighting
  3479 | D:5      | Reached skill level 5 in Armour
  3481 | D:5      | Reached * piety under Beogh
  3482 | D:5      | Reached XP level 8. HP: 25/73 MP: 5/8
  3698 | D:5      | Found a staircase to the Ecumenical Temple.
  4658 | D:6      | Found Gaocausuri's Distillery.
  4790 | D:6      | Reached ** piety under Beogh
  5115 | D:7      | Noticed Joseph
  5132 | D:7      | Killed Joseph
  5133 | D:7      | Reached XP level 9. HP: 57/79 MP: 9/9
  5381 | D:7      | Reached skill level 8 in Fighting
  5483 | D:7      | Noticed Prince Ribbit
  5491 | D:7      | Killed Prince Ribbit
  5492 | D:7      | Reached skill level 9 in Fighting
  5893 | D:7      | Reached skill level 10 in Fighting
  6372 | D:8      | Noticed Maggie
  6391 | D:8      | Killed Maggie
  6392 | D:8      | Reached skill level 11 in Fighting
  6935 | D:8      | Reached XP level 10. HP: 84/96 MP: 10/10
  7347 | D:9      | Reached skill level 12 in Fighting
  7368 | D:9      | Reached skill level 1 in Invocations
  7469 | D:9      | Reached *** piety under Beogh
  7478 | D:9      | Found a staircase to the Lair.
  7494 | D:9      | Noticed a kobold demonologist
  7510 | D:9      | Reached skill level 5 in Invocations
  7526 | D:9      | Killed a kobold demonologist
  8795 | Lair:1   | Entered Level 1 of the Lair of Beasts
  8970 | Lair:1   | Reached skill level 1 in Evocations
  8994 | Lair:1   | Reached XP level 11. HP: 59/104 MP: 14/14
  9492 | Lair:1   | Reached skill level 5 in Evocations
 10409 | Lair:2   | Noticed a seven-headed hydra
 10415 | Lair:2   | Killed a seven-headed hydra
 10576 | Lair:2   | Reached **** piety under Beogh
 11035 | Lair:3   | Noticed a boulder beetle
 11043 | Lair:3   | Killed a boulder beetle
 11043 | Lair:3   | Gained Gorbash as an ally
 11044 | Lair:3   | Reached skill level 10 in Armour
 11554 | Lair:3   | Identified the ring "Edwu" {+Blink rPois AC+4 Slay+3}
 11604 | Lair:3   | Gained Marbork as an ally
 11608 | Lair:3   | Reached XP level 12. HP: 111/113 MP: 15/15
 11677 | Lair:3   | Noticed a death yak
 11677 | Lair:3   | Noticed a death yak
 11677 | Lair:3   | Noticed a death yak
 11681 | Lair:3   | Noticed a death yak
 11683 | Lair:3   | Noticed a death yak
 11683 | Lair:3   | Noticed a death yak
 11685 | Lair:3   | Killed a death yak
 11689 | Lair:3   | Killed a death yak
 11689 | Lair:3   | Killed a death yak
 11690 | Lair:3   | Reached skill level 13 in Fighting
 11692 | Lair:3   | Killed a death yak
 11695 | Lair:3   | Killed a death yak
 11698 | Lair:3   | Killed a death yak
 11699 | Lair:3   | Reached skill level 14 in Fighting
 12984 | Lair:4   | Found a hole to the Spider Nest.
 13041 | Lair:4   | Noticed a six-headed hydra
 13047 | Lair:4   | Killed a six-headed hydra
 13210 | Lair:4   | Reached skill level 15 in Fighting
 13399 | Lair:4   | Noticed a catoblepas
 13408 | Lair:4   | Found a staircase to the Swamp.
 13409 | Lair:4   | Killed a catoblepas
 13421 | Lair:4   | HP: 4/122 [swamp worm (17)]
 13810 | Lair:4   | Noticed a boulder beetle
 13824 | Lair:4   | Reached skill level 16 in Fighting
 13825 | Lair:4   | Killed a boulder beetle
 13846 | Lair:4   | Your ally Gorbash died
 14024 | Lair:4   | Reached skill level 17 in Fighting
 14024 | Lair:4   | Reached XP level 13. HP: 104/132 MP: 16/16
 14383 | Lair:4   | Found a hazy altar of Hepliaklqana.
 14727 | Lair:5   | Reached ***** piety under Beogh
 15031 | Lair:5   | Reached skill level 15 in Axes
 15502 | Lair:6   | Entered Level 6 of the Lair of Beasts
 16196 | Lair:6   | Identified the ring "Loqogesum" {rPois rF+ Int+2 Dex+2}
 16204 | Lair:6   | Identified the +7 trident "Beyll" {flame, Str+4 Int+2
                  | Dex+3}
 16245 | Lair:6   | Noticed Nessos
 16284 | Lair:6   | Killed Nessos
 16727 | Lair:6   | Found a staircase to the Slime Pits.
 16734 | Lair:6   | Reached skill level 5 in Shields
 16873 | Lair:6   | Reached XP level 14. HP: 132/140 MP: 17/17
 17603 | D:10     | Entered Level 10 of the Dungeon
 18166 | D:10     | Found a staircase to the Orcish Mines.
 18451 | D:11     | Gained Horkud as an ally
 18615 | D:11     | Found a gate leading to a gauntlet.
 18676 | Gauntlet | Entered a Gauntlet
 18676 | Gauntlet | Found a transporter.
 18676 | Gauntlet | Found a transporter.
 18677 | Gauntlet | Found a transporter.
 18681 | Gauntlet | Found a transporter.
 18691 | Gauntlet | Found a transporter.
 18695 | Gauntlet | Found a transporter.
 18706 | Gauntlet | Found a transporter.
 18706 | Gauntlet | Found a transporter.
 18707 | Gauntlet | Found a transporter.
 18715 | Gauntlet | Found a transporter.
 18800 | Gauntlet | Found a transporter.
 18804 | Gauntlet | Found a transporter.
 19304 | D:11     | Your ally Horkud died
 19870 | D:12     | Reached ****** piety under Beogh
 19980 | D:12     | Noticed Fannar
 19996 | D:12     | Killed Fannar
 20343 | D:12     | Noticed Sonja
 20344 | D:12     | Noticed Sonja
 20344 | D:12     | Sonja changed into Sonja the acid dragon
 20349 | D:12     | Killed Sonja the acid dragon
 20806 | D:13     | Gained Orkrul as an ally
 20834 | D:13     | Your ally Orkrul died
 20842 | D:13     | Your ally Marbork died
 21281 | D:13     | Identified the +4 ring mail of Tenacity {rC+}
 23164 | Spider:1 | Entered Level 1 of the Spider Nest
 23321 | Orc:1    | Entered Level 1 of the Orcish Mines
 23365 | Orc:1    | Gained Hawl as an ally
 23532 | Orc:1    | Found Necwoc's Book Shoppe.
 23665 | Orc:1    | Found a roughly hewn altar of Beogh.
 23936 | Orc:2    | Entered Level 2 of the Orcish Mines
 23996 | Orc:2    | Noticed Maurice
 23998 | Orc:2    | Found a staircase to the Elven Halls.
 24038 | Orc:2    | Killed Maurice
 24287 | Orc:2    | Found Kiceh's General Store.
 24289 | Orc:2    | Found Body's Magic Scroll Shop.
 24629 | Orc:2    | Reached XP level 15. HP: 26/147 MP: 18/18
 25005 | Orc:2    | Reached skill level 10 in Shields
 25029 | Orc:2    | Found Jeqoqew's Jewellery Emporium.
 25029 | Orc:2    | Found Covavoemm's Antique Weapon Shoppe.
 25029 | Orc:2    | Found a one-way gate leading to the halls of Pandemonium.
 25277 | Orc:2    | Bought a phial of floods for 680 gold pieces
 25277 | Orc:2    | Bought a +1 tower shield of protection for 280 gold pieces
 25507 | Orc:2    | Noticed an orc warlord
 26214 | Orc:2    | Noticed Jorgrun
 26227 | Orc:2    | Killed Jorgrun
 27062 | Spider:1 | Gained Bladwarg as an ally
 27063 | Spider:1 | Gained Koronagh as an ally
 27299 | Spider:1 | Killed a ghost moth
 27474 | Spider:1 | Noticed Asterion
 27486 | Spider:1 | Killed Asterion
 27839 | Spider:1 | Killed a ghost moth
 28138 | Spider:1 | Noticed Rupert
 28156 | Spider:1 | Killed Rupert
 29081 | Spider:2 | Reached skill level 18 in Fighting
 29128 | Spider:2 | Your ally Hawl died
 29133 | Spider:2 | Noticed an emperor scorpion
 29140 | Spider:2 | Killed an emperor scorpion
 29330 | Spider:2 | Noticed an emperor scorpion
 29338 | Spider:2 | Killed an emperor scorpion
 29343 | Spider:2 | Noticed an emperor scorpion
 29355 | Spider:2 | Killed an emperor scorpion
 29637 | Spider:2 | Noticed Donald
 29645 | Spider:2 | Killed Donald
 30043 | Spider:2 | Reached skill level 19 in Fighting
 30058 | Spider:2 | Noticed an emperor scorpion
 30067 | Spider:2 | Killed an emperor scorpion
 30086 | Spider:2 | Noticed an emperor scorpion
 30092 | Spider:2 | Killed an emperor scorpion
 30491 | Spider:2 | Noticed Aizul
 30509 | Spider:2 | Killed Aizul
 30510 | Spider:2 | Reached XP level 16. HP: 125/162 MP: 19/19
 32393 | Spider:3 | Identified the +12 halberd of the Beast {spect, Int+8}
 32630 | Spider:3 | Reached skill level 10 in Invocations
 32681 | Spider:3 | Gained Ognian as an ally
 33285 | Spider:4 | Entered Level 4 of the Spider Nest
 33307 | Spider:4 | Gained Harm as an ally
 33318 | Spider:4 | Your ally Harm died
 33371 | Spider:4 | Gained mutation: Potions are less effective at restoring
                  | your health. [mutagenic glow]
 33734 | Spider:4 | Noticed Agnes
 33741 | Spider:4 | Killed Agnes
 33750 | Spider:4 | Gained Thorok as an ally
 33761 | Spider:4 | Your ally Ognian died
 33763 | Spider:4 | Your ally Koronagh died
 33766 | Spider:4 | Your ally Thorok died
 34045 | Spider:4 | Reached skill level 15 in Armour
 34669 | Spider:4 | Identified the +2 pair of gloves "Romism" {+Inv Str+3
                  | Int+2}
 34688 | Spider:4 | Identified the +0 pair of boots of Hysteria {Str+3 Slay+2}
 34702 | Spider:4 | Got a gossamer rune of Zot
 34995 | Spider:4 | Reached XP level 17. HP: 145/169 MP: 25/25
 35982 | D:14     | Found a transporter.
 36146 | D:14     | Noticed dolemite99's ghost (journeyman MiFi)
 36206 | D:14     | Found a gate to the Vaults.
 36301 | D:14     | Found a transporter.
 36304 | D:14     | Found a bloodstained altar of Trog.
 36380 | D:15     | Entered Level 15 of the Dungeon
 36483 | D:15     | Found a shimmering blue altar of Sif Muna.
 36512 | D:15     | Your ally Bladwarg died
 36522 | D:15     | Gained Arbolt as an ally
 36526 | D:15     | Your ally Arbolt died
 36529 | D:15     | Gained Learuk as an ally
 36537 | D:15     | Your ally Learuk died
 37086 | D:15     | Found a staircase to the Depths.
 37838 | Swamp:1  | Entered Level 1 of the Swamp
 37885 | Swamp:1  | Reached skill level 15 in Shields
 38096 | Swamp:1  | You fall into a shaft and drop 1 floor!
 38432 | Swamp:1  | Found a runed translucent door.
 38432 | Swamp:1  | Noticed snackwell's ghost (journeyman HOCA)
 40780 | Swamp:4  | Entered Level 4 of the Swamp
 41041 | Swamp:4  | Reached XP level 18. HP: 137/178 MP: 27/27
 41497 | Swamp:4  | Reached skill level 10 in Evocations
 42004 | Swamp:4  | Reached skill level 20 in Fighting
 42390 | Swamp:4  | Got a decaying rune of Zot
 43221 | Vaults:1 | Entered Level 1 of the Vaults
 43371 | Vaults:1 | Identified the +7 glaive of Slime {vorpal, rElec rN++ MP-9}
 43883 | Vaults:1 | Reached skill level 1 in Dodging
 44459 | Orc:2    | Bought a scroll of teleportation for 39 gold pieces
 44459 | Orc:2    | Bought a scroll of enchant weapon for 97 gold pieces
 44459 | Orc:2    | Bought a scroll of enchant armour for 97 gold pieces
 44785 | Vaults:1 | HP: 3/180 [ironbound frostheart (30)]
 44788 | Vaults:1 | Mangled by an ironbound frostheart

Illustrated notes

Levels and vault maps discovered:
D:1:      roderic_dead_forest, layout_loops_cross, serial_forest,
          infiniplex_forest_lined_3_way, infiniplex_forest_lined_ring,
          infiniplex_forest_clump_medium, infiniplex_forest_clump_small,
          infiniplex_forest_diagonal, ebering_ecumenical_altar_sacrificial
D:2:      layout_basic, basic_altar
D:3:      layout_loops_ring, trog_butcher_becter,
          hangedman_abyss_or_decor_stabs, dk_vineyard_3, hangedman_decor_push
D:4:      layout_rooms, grunt_ministairs_6
D:5:      layout_rooms, minmay_temple_entry_junction_2, serial_undead,
          serial_undead_b, serial_undead_b, serial_undead_e, serial_undead_c,
          serial_undead_d, serial_undead_f, uniq_blork_the_orc
D:6:      layout_cave_pools, nicolae_take_the_stairs
D:7:      layout_basic, uniq_joseph, uniq_prince_ribbit1
D:8:      hellmonk_ruined_rings, layout_basic, dk_noncrumbling_2, uniq_maggie
D:9:      layout_irregular_city, due_lair_maze_entry_diamond,
          serial_column_ruins, column_ruins_open_tiny, column_ruins_grid_1,
          column_ruins_open_small, column_ruins_columns_water,
          column_ruins_corridor_corner
D:10:     minmay_goldmine, layout_rooms, orc_0_dummy
D:11:     layout_irregular_city, gauntlet_entry_generic
D:12:     layout_stronghold, uniq_sonja, uniq_fannar
D:13:     layout_stronghold, roderic_lattice_a, minmay_alternating_orb
D:14:     kennysheep_tiny_hell, layout_rooms, erik_vaults_1,
          gammafunk_ghost_wrathful_warriors
D:15:     hangedman_depths_entry_civil_slaughter, layout_basic,
          nicolae_sif_muna_condensation, lemuel_flamethrower_3
Lair:1:   layout_roguey
Lair:2:   layout_chaotic_city, ldierk_geyser, dreamdust_gnoll_shepherd
Lair:3:   layout_cave_pods, chequers_serial_rivers_room_a, nzn_sisyphean_effort
Lair:4:   layout_loops_ring, nicolae_swamp_entry_splash_gauntlet,
          dummy_spider_entry, basic_altar, grunt_forest_stairs_clearing
Lair:5:   layout_cave_pods, grunt_megastairs_3
Lair:6:   gammafunk_lair_ancient_temple, layout_layer_cave,
          minmay_slime_entry_jelly_boxes, nicolae_lair_lindhole,
          lemuel_fruit_tree, uniq_nessos
Swamp:1:  layout_basic_swamp, gammafunk_ghost_grave,
          portal_ice_cave_entry_dragon, evilmike_swamp_ruin_house_3
Swamp:2:  layout_basic_swamp, evilmike_swamp_ruin_house_1, swamp_pool5,
          infiniplex_staircase_pool
Swamp:3:  layout_falls_marsh, nicolae_swamp_feature_on_the_river_bank
Swamp:4:  swamp_basic_johnstein, layout_basic_swamp, swamp_pool4
Spider:1: layout_chambers, nicolae_looking_at_the_future, uniq_rupert,
          uniq_asterion
Spider:2: nicolae_spider_hilbert_zone_3 [nicolae_spider_hilbert_4_sides_2_open,
          nicolae_spider_hilbert_3_sides_1_open,
          nicolae_spider_hilbert_3_sides_1_open,
          nicolae_spider_hilbert_3_sides_1_open,
          nicolae_spider_hilbert_3_sides_1_open,
          nicolae_spider_hilbert_4_sides_1_open,
          nicolae_spider_hilbert_4_sides_1_open,
          nicolae_spider_hilbert_4_sides_1_open,
          nicolae_spider_hilbert_4_sides_1_open,
          nicolae_spider_hilbert_4_sides_1_open,
          nicolae_spider_hilbert_4_sides_1_open,
          nicolae_spider_hilbert_4_sides_1_open,
          nicolae_spider_hilbert_4_sides_1_open,
          nicolae_spider_hilbert_3_sides_1_open,
          nicolae_spider_hilbert_3_sides_1_open,
          nicolae_spider_hilbert_3_sides_1_open,
          nicolae_spider_hilbert_3_sides_1_open], uniq_donald, uniq_aizul
Spider:3: nicolae_spider_mines_1
Spider:4: hellmonk_spider_rune_endless_swarm, drop_trap, hellmonk_narrow_tunnel,
          uniq_agnes
Orc:1:    layout_caves, serial_shops, shop, mines2_david
Orc:2:    pf_orc_diabolical, layout_diamond_mine, uniq_maurice, uniq_jorgrun
Vaults:1: v_misc_19, nicolae_vaults_triangles, v_misc_16, v_misc_18,
          nicolae_vaults_know_your_exits, v_misc_8, vaults_mumra_chevron,
          hangedman_vaults_slice, vaults_room_pools, vaults_dpeg_diagonal,
          grunt_vaults_bifocal, vaults_room_door_ring, ontoclasm_vaults_tryst,
          nicolae_vaults_network_periphery, vaults_mumra_hexcomb,
          nicolae_vaults_ring_of_whatevers, vaults_room_ringed_pool,
          vaults_room_grunt_arrival_ludios, layout_vaults_maze_bifur

Skill      XL: |  1  2  3  4  5  6  7  8  9 10 11 12 13 14 15 16 17 18 |
---------------+-------------------------------------------------------+-----
Axes           | 3 4 5 6 8 11 13 17 18 | 18.0
Fighting       | 4 6 7 11 12 17 19 20 | 20.5
Armour         | 5 8 10 11 13 15 16 | 16.7
Invocations    | 5 11 12 | 12.9
Evocations     | 3 7 9 11 | 11.0
Shields        | 5 9 12 16 | 16.0
Dodging        | 3 |  3.8

Action                   |  1- 3 |  4- 6 |  7- 9 | 10-12 | 13-15 | 16-18 || total
-------------------------+-------+-------+-------+-------+-------+-------++-------
Melee: War axe           |    60 |   137 |   249 |   229 |       |       ||   675
       Broad axe         |       |       |       |   194 |   741 |   857 ||  1792
       Flail             |       |       |       |     3 |       |       ||     3
       Morningstar       |       |       |       |     3 |       |       ||     3
       Trident           |       |       |       |       |     2 |    62 ||    64
Invok: Convert to Beogh  |       |     1 |       |       |       |       ||     1
       Recall Orcish Fol |       |       |       |     1 |    10 |     6 ||    17
       Give Item to Name |       |       |       |       |     5 |     1 ||     6
       Stop Recall       |       |       |       |       |     3 |       ||     3
       Smiting           |       |       |       |       |     3 |     4 ||     7
 Abil: Evoke Blink       |       |       |       |       |       |     1 ||     1
Evoke: Wand              |       |       |     1 |    15 |     4 |       ||    20
       Phial of floods   |       |       |       |       |     1 |       ||     1
       Condenser vane    |       |       |       |       |       |     4 ||     4
       Box of beasts     |       |       |       |       |       |     1 ||     1
  Use: Scroll            |     2 |     9 |       |    13 |    14 |     9 ||    47
       Potion            |       |     1 |     1 |     4 |     6 |    10 ||    22
 Stab: Distracted        |       |       |       |     3 |     7 |     7 ||    17
       Confused          |       |       |       |       |       |     1 ||     1
       Paralysed         |       |       |       |       |       |     1 ||     1
Armor: Scale mail        |    32 |       |       |       |       |       ||    32
       Plate armour      |       |    93 |   202 |   305 |   486 |   810 ||  1896
       Chain mail        |       |     9 |       |       |       |       ||     9
Dodge: Dodged            |    22 |    40 |    88 |   173 |   245 |   361 ||   929
Block: Buckler           |    11 |    35 |    64 |    95 |   115 |       ||   320
       Tower shield      |       |       |       |       |   244 |   969 ||  1213

Table legend: (Time is in decaauts)
 A = Elapsed time spent in this place.
 B = Non-inter-level travel time spent in this place.
 C = Inter-level travel time spent in this place.
 D = Time resting spent in this place.
 E = Time spent auto-exploring this place.
 F = Levels seen in this place.
 G = Mean time per level.
                   A        B        C        D        E       F      G
               +--------+--------+--------+--------+--------+-----+--------+
         Total |  44664 |  41647 |   3017 |  16394 |   9869 |  33 | 1353.5 |
       Dungeon |  16981 |  15396 |   1585 |   4338 |   3599 |  15 | 1132.1 |
          Lair |   9340 |   8499 |    841 |   3209 |   2297 |   6 | 1556.7 |
         Swamp |   5007 |   4861 |    146 |   2225 |   1190 |   4 | 1251.8 |
   Spider Nest |   8567 |   8326 |    241 |   4004 |   2051 |   4 | 2141.8 |
  Orcish Mines |   3510 |   3336 |    174 |   1969 |    659 |   2 | 1755.0 |
        Vaults |   1083 |   1054 |     29 |    649 |      0 |   1 | 1083.0 |
      Gauntlet |    174 |    174 |      0 |      0 |     73 |   1 |  174.0 |
               +--------+--------+--------+--------+--------+-----+--------+

Top non-repeatable levels by time:
   Orc:2: 2829 daAuts
    D:13: 2503 daAuts
Spider:2: 2277 daAuts
Spider:1: 2178 daAuts
Spider:4: 2133 daAuts
  Lair:3: 2104 daAuts
Spider:3: 1977 daAuts
  Lair:6: 1924 daAuts
  Lair:4: 1807 daAuts
     D:9: 1759 daAuts
  Lair:1: 1519 daAuts
 Swamp:4: 1480 daAuts
 Swamp:3: 1362 daAuts
    D:12: 1316 daAuts
 Swamp:2: 1296 daAuts
